 Dungeon Crawl Stone Soup version 0.31.0-11-ge490571c62 (webtiles) character file.

Game seed: 5010457658765527068

165 RancidPinata the Sneak (level 5, -3/37 HPs)
             Began as an Octopode Delver on Feb 6, 2024.
             Slain by a gnoll
             ... wielding a +0 halberd
              (13 damage)
             ... on level 5 of the Dungeon.
             The game lasted 00:04:46 (612 turns).

RancidPinata the Sneak (Octopode Delver)             Turns: 612, Time: 00:04:46

Health: -3/37      AC:  1    Str: 12    XL:     5   Next: 46%
Magic:  5/5        EV: 15    Int: 12    God:
Gold:   49         SH:  0    Dex: 21    Spells: 4/4 levels left

rFire   . . .        d - +0 dagger (elec)
rCold   . . .        (no shield)
rNeg    . . .        (helmet restricted)
rPois   .            (no amulet)
rElec   .            i - +6 ring of dexterity
rCorr   .            (no ring)
SInv    .            (no ring)
Will    .....        (no ring)
Stlth   +++++        (no ring)
HPRegen 0.26/turn    (no ring)
MPRegen 0.09/turn    (no ring)
                     (no ring)

%: no passive effects
@: no status effects
A: almost no armour, amphibious, 8 rings, camouflage 1, gelatinous body 1,
(nimble swimmer 1), tentacles
a: no special abilities


You were on level 5 of the Dungeon.
You visited 1 branch of the dungeon, and saw 3 of its levels.

You collected 49 gold pieces.

Inventory:

Hand Weapons
 d - a +0 dagger of electrocution (weapon)
Missiles
 g - 3 boomerangs (quivered)
 j - 7 stones
Armour
 k - an orb of guile
Jewellery
 i - a +6 ring of dexterity (left tentacle)
Wands
 f - a wand of digging (3)
Scrolls
 b - a scroll of fog
 c - a scroll of revelation
Potions
 a - a potion of enlightenment {unknown}
 e - a potion of haste
 h - a potion of berserk rage {unknown}


   Skills:
 * Level 4.1 Fighting
 + Level 2.7 Short Blades
 * Level 3.3 Dodging
 * Level 7.7 Stealth


You had 4 spell levels left.
You didn't know any spells.
Your spell library contained the following spells:

 Spells                   Type           Power      Damage    Failure   Level
 Magic Dart               Conj           0%         1d3       32%         1
 Blink                    Tloc           0%         N/A       45%         2
 Call Imp                 Summ           0%         N/A       45%         2


Dungeon Overview and Level Annotations

Branches:
Dungeon (7/15)             Temple (0/1) D:6

Altars:
Wu Jian


Innate Abilities, Weirdness & Mutations

You cannot wear most types of armour.
You are amphibious.
You can wear up to eight rings at the same time.
Your skin changes colour to match your surroundings (Stealth+).
Your rubbery body absorbs attacks. (AC +1, EV +1)
((You are camouflaged when in or above water. (Stealth+)))
You have tentacles for arms and can constrict up to eight enemies at once.


Message History

The water moccasin hisses angrily.
There is a stone staircase leading up, spattered with blood here.
You climb upwards.
There is a stone staircase leading down, spattered with blood here.
A bombardier beetle comes into view. 3 gnolls come into view.
The gnoll shouts! x2; You hear a shout!
You hit the gnoll but do no damage. Lightning courses through the gnoll!!
You kill the gnoll!
The gnoll hits you from afar with a +0 halberd.
The gnoll attacks as it pursues you! The gnoll misses you.
The gnoll misses you.
You completely miss the gnoll. You grab the gnoll. You constrict the gnoll.
The gnoll misses you. The gnoll closely misses you.
You hit the gnoll.
The gnoll is moderately wounded.
You constrict the gnoll, but do no damage.
The gnoll hits you from afar with a +0 halberd!
The gnoll hits you but does no damage.
You hit the gnoll.
The gnoll is heavily wounded.
You constrict the gnoll. The gnoll misses you.
You hit the gnoll. Lightning courses through the gnoll!!
You kill the gnoll!
The gnoll closely misses you. The gnoll hits you with a +0 halberd!
* * * LOW HITPOINT WARNING * * *
Things that are here:
a +0 flail; a gnoll corpse You completely miss the gnoll.
You grab the gnoll.
You squeeze the gnoll, but do no damage.
You constrict the gnoll. You hit the gnoll.
You squeeze the gnoll, but do no damage.
The gnoll is moderately wounded.
You constrict the gnoll. The gnoll closely misses you.
You hit the gnoll.
The gnoll is heavily wounded.
You constrict the gnoll. The gnoll hits you with a +0 halberd!
You die...

#.....# #...[.# .###
###.>).## #.... #
##.......### ......
B##..#..........###.....
............#.....#...#
..>...###.............#..
..#...#......#...........
##............@g....#
....#.........#.)...# ...
##.......###....... ..
#...........##...... .
.............# .###..
............## .# .
............. #
...............
#.............###


You could see a gnoll.

Vanquished Creatures
  A bullfrog (D:6)
  A jelly (D:6)
  A sleepcap (D:6)
  2 gnolls (D:5)
  2 ufetubi (D:6)
  4 orcs
11 creatures vanquished.

Notes
Turn   | Place    | Note
-------+----------+-------------------------------------------
     0 | D:5      | RancidPinata the Octopode Delver began the quest for the
                  | Orb.
     0 | D:5      | Reached XP level 1. HP: 16/16 MP: 1/1
   124 | D:6      | Reached XP level 2. HP: 12/21 MP: 2/2
   188 | D:7      | Noticed a sky beast
   189 | D:7      | Noticed a kobold brigand
   291 | D:6      | Reached skill level 7 in Stealth
   291 | D:6      | Reached XP level 3. HP: 26/26 MP: 3/3
   306 | D:6      | Reached XP level 4. HP: 18/32 MP: 4/4
   368 | D:6      | Noticed a bullfrog
   487 | D:6      | Noticed a bullfrog
   501 | D:6      | Killed a bullfrog
   502 | D:6      | Reached XP level 5. HP: 33/37 MP: 5/5
   534 | D:6      | Found an ornate altar of the Wu Jian Council.
   535 | D:6      | Noticed a centaur
   575 | D:6      | Found a staircase to the Ecumenical Temple.
   576 | D:6      | Noticed an ice beast
   576 | D:6      | Noticed a water moccasin
   612 | D:5      | Slain by a gnoll

Illustrated notes

Levels and vault maps discovered:
D:5:      layout_cave_pools, ebering_ghost_rock_garden, chequers_big_river
D:6:      layout_rooms, nicolae_wu_jian_immortal_techniques,
          minmay_temple_entry_sparse_star, serial_library_hellmonk_junction,
          kennysheep_generic_room_2
D:7:      layout_rooms, enter_bailey_3, nicolae_tricolors

Skill      XL: |  1  2  3  4 |
---------------+-------------+-----
Stealth        | 7 |  7.7
Fighting       | 4 |  4.1
Dodging        | 3 |  3.3
Short Blades   | |  2.7

Action                     |  1- 3 |  4- 6 || total
---------------------------+-------+-------++-------
  Melee: Short sword       |    19 |       ||    19
         Tentacles         |     7 |     3 ||    10
         Constrict         |     5 |     4 ||     9
         Dagger            |       |    18 ||    18
         Punch             |       |     1 ||     1
    Use: Scroll            |     1 |       ||     1
   Stab: Sleeping          |     1 |       ||     1
 Armour: Skin              |    12 |    10 ||    22
  Dodge: Dodged            |    19 |    16 ||    35
